 Dungeon Crawl Stone Soup version 0.26.1-11-gd32895ea62 (webtiles) character file.

Game seed: 11208985280127283908

183 Zeld the Digger (level 5, -3/28 HPs)
             Began as a Gargoyle Earth Elementalist on Sept 5, 2021.
             Killed from afar by an orc wizard (7 damage)
             ... with a magic dart
             ... on level 3 of the Dungeon.
             The game lasted 00:04:23 (3766 turns).

Zeld the Digger (Gargoyle Earth Elementalist)       Turns: 3766, Time: 00:04:23

Health: -3/28      AC: 10    Str: 11    XL:     5   Next: 62%
Magic:  9/9        EV: 12    Int: 17    God:
Gold:   89         SH:  0    Dex: 10    Spells: 4/10 levels left

rFire    . . .     SeeInvis .   a - +2 trident (vorpal)
rCold    . . .     Faith    .   (no shield)
rNeg     + . .     Spirit   .   c - +0 robe
rPois    ∞         Reflect  .   n - +0 helmet
rElec    +         Harm     .   (no cloak)
rCorr    .         Rampage  .   (no gloves)
Will     .....                  m - +2 pair of boots
Stlth    ++........             (no amulet)
HPRegen  0.09/turn              (no ring)
MPRegen  0.11/turn              (no ring)

@: no status effects
A: negative energy resistance 1, electricity resistance, unbreathing,
petrification resistance, miasma immunity, AC +4
a: no special abilities


You were on level 3 of the Dungeon.
You visited 1 branch of the dungeon, and saw 3 of its levels.

You collected 89 gold pieces.

Inventory:

Hand Weapons
 a - a +2 vorpal trident (weapon)
Missiles
 b - 129 stones (quivered)
Armour
 c - a +0 robe (worn)
 m - a +2 pair of boots (worn)
 n - a +0 helmet (worn)
Jewellery
 p - a +6 ring of strength {unknown}
 q - a +4 ring of protection {unknown}
Wands
 w - a wand of flame (13)
Scrolls
 d - a scroll of enchant weapon {unknown}
 f - 2 scrolls of teleportation {unknown}
 g - 4 scrolls of identify {unknown}
 i - a scroll of enchant armour {unknown}
 k - a scroll of fog {unknown}
 l - 2 scrolls of fear {unknown}
 u - a scroll of noise {unknown}
 v - a scroll of amnesia {unknown}
Potions
 e - 2 potions of curing {unknown}
 h - a potion of lignification {unknown}
 j - a potion of might {unknown}
 o - 2 potions of degeneration {unknown}
 r - a potion of cancellation {unknown}
 s - a potion of brilliance {unknown}
 t - a potion of mutation {unknown}


   Skills:
 + Level 1.5 Armour
 + Level 2.2 Dodging
 + Level 3.0 Stealth
 * Level 3.2 Spellcasting
 + Level 1.1 Conjurations
 - Level 1.0 Transmutations
 * Level 4.9 Earth Magic


You had 4 spell levels left.
You knew the following spells:

 Your Spells              Type           Power        Failure   Level
a - Sandblast             Erth           38%          2%          1
b - Passwall              Tmut/Erth      10%          8%          2
c - Stone Arrow           Conj/Erth      26%          16%         3

Your spell library contained the following spells:

 Spells                   Type           Power        Failure   Level
 Petrify                  Tmut/Erth      12%          45%         4
 Lee's Rapid Deconstruct  Erth           9%           54%         5


Dungeon Overview and Level Annotations

Branches:
Dungeon (3/15)

Altars:
Yredelemnul

Annotations:
D:3 Natasha


Innate Abilities, Weirdness & Mutations

You are resistant to torment.
Your stone body is resilient. (AC +4)
You are immune to poison.
You resist negative energy. (rN+)
You are resistant to electric shocks. (rElec)
You can survive without breathing.
You are immune to petrification.
You are immune to miasma.


Message History

The orc wizard blinks!
The orc wizard gestures at you while chanting.
The puff of flame hits you!
* * * LOW HITPOINT WARNING * * *
The orc wizard casts a spell at you. You resist with some effort.
The orc wizard gestures at itself while chanting.
The orc wizard flickers and vanishes!
Deactivating autopickup; reactivate with Ctrl-A.
Things that are here:
a +0 club; a +0 club
Things that are here:
a +0 helmet; a +0 animal skin; a +0 mace
Things that are here:
a +0 club; a +0 club; a +0 club The orc wizard casts a spell at you.
The magic dart hits you but does no damage.
The orc wizard gestures at you while chanting.
The magic dart hits you!
You die...

#...####### ##.##
.......{..# #..>#
.......o..# #...# ###
.#†.####..# #...#####...
#... #o.######.........#
##.##
#.o##...........#.##
#.##.#....o[...÷.........
#........#.o)...))...#
##.#.###.#####@)..####..#
... #.# #........... #..
#.# #...######.# #.. #.#
#...# #. #.# ##.## ..#
####.#### ### #.......#
######.##.#..#
#......##.#[)#


You could see an orc wizard (fast) and 2 orcs.

Vanquished Creatures
  Terence (D:3)
  Natasha (twice) (D:3)
  Robin (D:3)
  An adder (D:2)
  3 worms (D:2)
  A dart slug (D:1)
  A leopard gecko (D:2)
  6 orcs (D:3)
  A ball python (D:2)
  5 giant cockroaches
  15 goblins
  7 hobgoblins
  2 jackals (D:1)
  4 kobolds (D:2)
  A quokka (D:3)
  10 bats
  A frilled lizard (D:1)
  7 rats
  A spectral orc (D:2)
70 creatures vanquished.

Notes
Turn   | Place    | Note
-------+----------+-------------------------------------------
     0 | D:1      | Zeld the Gargoyle Earth Elementalist began the quest for
                  | the Orb.
     0 | D:1      | Reached XP level 1. HP: 10/10 MP: 3/3
   402 | D:1      | Reached XP level 2. HP: 10/15 MP: 5/5
   416 | D:1      | Learned a level 2 spell: Passwall
   778 | D:1      | Reached skill level 4 in Earth Magic
   911 | D:1      | Reached skill level 1 in Transmutations
  1130 | D:1      | Reached XP level 3. HP: 11/19 MP: 6/6
  1134 | D:1      | Learned a level 3 spell: Stone Arrow
  1806 | D:2      | Found a faded altar of an unknown god.
  2489 | D:2      | Reached XP level 4. HP: 24/24 MP: 8/8
  2548 | D:2      | Found a basalt altar of Yredelemnul.
  2862 | D:3      | Noticed Terence
  2869 | D:3      | Killed Terence
  2870 | D:3      | Reached skill level 1 in Armour
  2960 | D:3      | Noticed Natasha
  2982 | D:3      | Killed Natasha
  2983 | D:3      | Reached XP level 5. HP: 27/28 MP: 9/9
  2994 | D:3      | Noticed Robin
  3007 | D:3      | Killed Robin
  3008 | D:3      | Reached skill level 1 in Conjurations
  3293 | D:3      | Noticed Natasha
  3307 | D:3      | Killed Natasha
  3416 | D:3      | Noticed Natasha
  3766 | D:3      | Killed from afar by an orc wizard

Illustrated notes

Levels and vault maps discovered:
D:1:      minmay_arrival_stone_box, layout_loops_ring
D:2:      layout_basic, yredelemnul_forgotten_temple_becter,
          chequers_ecumenical_altar_island
D:3:      layout_loops_cross, kennysheep_slug_shrine, uniq_robin, uniq_terence,
          uniq_natasha

Skill      XL: |  1  2  3  4  5 |
---------------+----------------+-----
Earth Magic    | 4 |  4.9
Transmutations | 1 |  1.0
Armour         | 1 |  1.5
Dodging        | 2 |  2.2
Spellcasting   | 3 |  3.2
Conjurations   | 1 |  1.1
Stealth        | 3 |  3.0

Action                   |  1- 3 |  4- 6 || total
-------------------------+-------+-------++-------
Melee: Unarmed           |   180 |       ||   180
       Dagger            |    98 |     2 ||   100
       Trident           |       |    94 ||    94
 Cast: Sandblast         |    19 |       ||    19
 Stab: Sleeping          |     3 |     5 ||     8
       Distracted        |       |     1 ||     1
Armor: Robe              |   149 |    64 ||   213
Dodge: Dodged            |   222 |   133 ||   355
